 Dungeon Crawl Stone Soup version 0.29.0-4-gdea44cf6ec (webtiles) character file.

Game seed: 1615195549535098048

691 qw the Chopper (level 7, -4/41 HPs)
             Began as a Tengu Warper on Aug 28, 2022.
             Was an Initiate of Okawaru.
             Slain by a gnoll sergeant
             ... wielding a +0 trident
              (8 damage)
             ... on level 5 of the Dungeon.
             The game lasted 00:00:28 (4278 turns).

qw the Chopper (Tengu Warper)                       Turns: 4278, Time: 00:00:29

Health: -4/41      AC: 14    Str: 14    XL:     7   Next: 63%
Magic:  11/11      EV:  9    Int: 13    God:    Okawaru [......]
Gold:   135        SH:  0    Dex: 22    Spells: 10/10 levels left

rFire   . . .      SeeInvis .   Y - +3 hand axe
rCold   . . .      Faith    .   (no shield)
rNeg    . . .      Spirit   .   b - +0 chain mail
rPois   .          Reflect  .   d - +1 hat
rElec   .          Harm     .   i - +2 cloak
rCorr   .          Rampage  .   g - +1 pair of gloves {Dex+3}
Will    .....                   (boots unavailable)
Stlth   ..........              (no amulet)
HPRegen 0.13/turn               c - +6 ring of dexterity
MPRegen 0.12/turn               (no ring)

@: lethally poisoned (-4 -> -7), about to teleport, flying quickly and
evasively, quick
A: beak, talons 3, nimble flight
a: Renounce Religion


You were on level 5 of the Dungeon.
You worshipped Okawaru.
Okawaru was noncommittal.
You visited 2 branches of the dungeon, and saw 6 of its levels.

You collected 135 gold pieces.


Innate Abilities, Weirdness & Mutations

You have a beak for a mouth.
You have claws for feet.
Your magical nature lets you fly swiftly and evasively.


   Skills:
 - Level 3.4 Fighting
 - Level 7.7 Axes
 - Level 1.0 Throwing
 + Level 1.9 Armour
 - Level 4.0 Dodging
 - Level 2.0 Spellcasting
 - Level 2.4 Translocations


You had 10 spell levels left.
You didn't know any spells.
Your spell library contained the following spells:

 Spells                   Type           Power      Damage    Failure   Level
 Blink                    Tloc           14%        N/A       98%         2
 Gell's Gravitas          Tloc           7%         N/A       100%        3
 Lesser Beckoning         Tloc           7%         N/A       100%        3
 Teleport Other           Tloc           7%         N/A       100%        3
 Manifold Assault         Tloc           7%         N/A       100%        5

Inventory:

Hand Weapons
 o - a +0 morningstar
 Y - a +3 hand axe (weapon)
Missiles
 m - 3 boomerangs (quivered)
Armour
 b - a +0 chain mail (worn)
 d - a +1 hat (worn)
 g - a +1 pair of gloves of dexterity (worn)
 i - a +2 cloak (worn)
Jewellery
 c - a +6 ring of dexterity (left hand)
Scrolls
 f - a scroll of identify
 j - a scroll of teleportation
Potions
 e - a potion of berserk rage {unknown}
 k - a potion of curing {unknown}
 l - a potion of invisibility {unknown}

Dungeon Overview and Level Annotations

Branches:
Dungeon (5/15)             Temple (1/1) D:4

Altars:
Ashenzari
Cheibriados
Fedhas
Gozag
Hepliaklqana
Kikubaaqudgha
Makhleb
Nemelex Xobeh
Okawaru
Qazlal
Sif Muna
Trog
Uskayaw
Vehumet
Xom
Zin


Message History

The gnoll sergeant hits you from afar with a +0 trident.
The gnoll hits you but does no damage.
You hit the gnoll.
The gnoll is almost dead.
You closely miss the gnoll. You hit the gnoll.
You feel very sick. The gnoll barely misses you.
The gnoll sergeant hits you but does no damage.
The gnoll hits you but does no damage.
You are more poisoned.
The gnoll barely misses you.
You hit the gnoll.
You kill the gnoll!
Okawaru accepts your kill.
You hit the gnoll but do no damage. You hit the gnoll.
You feel very sick. The gnoll hits you but does no damage.
The gnoll sergeant closely misses you.
You hit the gnoll but do no damage. You claw the gnoll.
You kill the gnoll!
Okawaru accepts your kill.
You hit the gnoll.
You feel sick. The gnoll sergeant barely misses you.
The gnoll barely misses you.
You closely miss the gnoll.
The gnoll is almost dead.
You feel very sick. The gnoll barely misses you.
The gnoll sergeant hits you from afar with a +0 trident.
You hit the gnoll. You claw the gnoll.
You kill the gnoll!
Okawaru accepts your kill.
You feel sick.
You feel sick.
The gnoll sergeant hits you with a +0 trident!
4278 ||| READING 2 scrolls of teleportation.
As you read the scroll of teleportation, it crumbles to dust.
You feel strangely unstable.
You feel sick.
The gnoll sergeant hits you with a +0 trident!
You die...

### #.####### #
##.......### ..
#.<........#
...#.........#
..........#####
........%..#
........).).#
........)@..#
.........g..#
.............#
.............#
....>......^.#
.........#...#
.........#...#
.........##...


You could see a gnoll sergeant.

Vanquished Creatures
  A black bear (D:3)
  A phantom (D:4)
  2 scorpions (D:4)
  A jelly (D:4)
  3 hounds (D:4)
  An iguana (D:4)
  3 orc wizards (D:4)
  3 gnolls (D:5)
  8 adders
  A worm (D:2)
  11 orcs
  4 bats
  4 endoplasms
  3 giant cockroaches (D:1)
  5 goblins
  10 hobgoblins
  4 quokkas
  13 ball pythons
  9 kobolds
  5 rats
  A butterfly (D:3)
93 creatures vanquished.

Notes
Turn   | Place    | Note
-------+----------+-------------------------------------------
     0 | D:1      | qw the Tengu Warper began the quest for the Orb.
     0 | D:1      | Reached XP level 1. HP: 12/12 MP: 4/4
     0 | D:1      | 0 ||| qw: Version: 0.1-a-89-g26bdef1
     0 | D:1      | 0 ||| qw: Game counter: 2273
     0 | D:1      | 0 ||| qw: Always use a shield: true
     0 | D:1      | 0 ||| qw: God list: Okawaru
     0 | D:1      | 0 ||| qw: Allow faded altars: false
     0 | D:1      | 0 ||| qw: Do Orc after D:15 true
     0 | D:1      | 0 ||| qw: Do second Lair branch before Depths: true
     0 | D:1      | 0 ||| qw: Lair rune preference: random
     0 | D:1      | 0 ||| qw: Plans: Normal
     0 | D:1      | 0 ||| PLANNING D:1-11
    19 | D:1      | 19 ||| Stepping ~*~*~tactically~*~*~ (stealth).
   246 | D:1      | Reached XP level 2. HP: 17/17 MP: 6/6
   249 | D:1      | Reached skill level 3 in Axes
   253 | D:1      | 253 ||| Stepping ~*~*~tactically~*~*~ (stealth).
   323 | D:1      | 323 ||| Stepping ~*~*~tactically~*~*~ (stealth).
   421 | D:1      | 421 ||| Stepping ~*~*~tactically~*~*~ (stealth).
   641 | D:1      | 641 ||| DROPPING +0 club.
  1048 | D:1      | 1048 ||| UPGRADING to +1 hat.
  1053 | D:1      | 1053 ||| READING scroll labelled JOCHIDGH ZEIGA.
  1054 | D:1      | 1054 ||| READING scroll labelled LEAHOC TIEGH.
  1059 | D:1      | 1059 ||| READING scroll labelled HYUJAJ CALAFOCH.
  1060 | D:1      | 1060 ||| DROPPING scroll of blinking.
  1104 | D:2      | Reached XP level 3. HP: 21/21 MP: 7/7
  1105 | D:2      | 1105 ||| Stepping ~*~*~tactically~*~*~ (stealth).
  1110 | D:2      | 1110 ||| Stepping ~*~*~tactically~*~*~ (stealth).
  1111 | D:2      | 1111 ||| Stepping ~*~*~tactically~*~*~ (stealth).
  1280 | D:2      | Reached skill level 4 in Axes
  1443 | D:2      | 1443 ||| FLEEEEING.
  1444 | D:2      | 1444 ||| FLEEEEING.
  1445 | D:2      | 1445 ||| FLEEEEING.
  1446 | D:2      | 1446 ||| FLEEEEING.
  1447 | D:2      | 1447 ||| FLEEEEING.
  1448 | D:2      | 1448 ||| FLEEEEING.
  1449 | D:2      | 1449 ||| FLEEEEING.
  1450 | D:2      | 1450 ||| FLEEEEING.
  1451 | D:2      | 1451 ||| FLEEEEING.
  1452 | D:2      | 1452 ||| FLEEEEING.
  1454 | D:2      | 1454 ||| FLEEEEING.
  1455 | D:2      | 1455 ||| FLEEEEING.
  1456 | D:2      | 1456 ||| FLEEEEING.
  1457 | D:2      | 1457 ||| FLEEEEING.
  1460 | D:2      | 1460 ||| FLEEEEING.
  1466 | D:2      | 1466 ||| STAIRDANCE
  1537 | D:1      | 1537 ||| UPGRADING to +0 pair of gloves of dexterity.
  1542 | D:1      | 1542 ||| UPGRADING to +2 cloak.
  1547 | D:1      | 1547 ||| UPGRADING to +6 ring of dexterity.
  1548 | D:1      | 1548 ||| READING 2 scrolls labelled ASAENU FUHAPT.
  1549 | D:1      | 1549 ||| READING scroll labelled XUNLIOF HAETSANTO.
  1550 | D:1      | 1550 ||| READING scroll labelled DUISTE FASOANU.
  1551 | D:1      | 1551 ||| DRINKING 2 viscous puce potions.
  1552 | D:1      | 1552 ||| DROPPING scroll of fog.
  1553 | D:1      | 1553 ||| DROPPING potion of flight.
  1578 | D:2      | 1578 ||| Stepping ~*~*~tactically~*~*~ (stealth).
  1579 | D:2      | 1579 ||| Stepping ~*~*~tactically~*~*~ (stealth).
  1599 | D:2      | Found a faded altar of an unknown god.
  1732 | D:2      | 1732 ||| READING 3 scrolls labelled MENOEV WYJYN.
  1733 | D:2      | 1733 ||| READING 2 scrolls of enchant weapon.
  1733 | D:2      | 1733 ||| ENCHANTING +1 hand axe.
  1734 | D:2      | 1734 ||| READING scroll of enchant weapon.
  1734 | D:2      | 1734 ||| ENCHANTING +2 hand axe.
  1735 | D:2      | 1735 ||| READING scroll labelled HYDOUNGEG QUGO.
  1879 | D:3      | 1879 ||| Stepping ~*~*~tactically~*~*~ (stealth).
  1880 | D:3      | 1880 ||| Stepping ~*~*~tactically~*~*~ (stealth).
  1993 | D:3      | 1993 ||| Stepping ~*~*~tactically~*~*~ (stealth).
  1995 | D:3      | 1995 ||| Stepping ~*~*~tactically~*~*~ (stealth).
  1997 | D:3      | 1997 ||| Stepping ~*~*~tactically~*~*~ (stealth).
  2003 | D:3      | 2003 ||| Stepping ~*~*~tactically~*~*~ (stealth).
  2007 | D:3      | Reached XP level 4. HP: 26/26 MP: 8/8
  2009 | D:3      | Found a shimmering altar of Xom.
  2010 | D:3      | 2010 ||| Stepping ~*~*~tactically~*~*~ (stealth).
  2012 | D:3      | 2012 ||| Stepping ~*~*~tactically~*~*~ (stealth).
  2017 | D:3      | 2017 ||| Stepping ~*~*~tactically~*~*~ (stealth).
  2018 | D:3      | 2018 ||| Stepping ~*~*~tactically~*~*~ (stealth).
  2020 | D:3      | 2020 ||| Stepping ~*~*~tactically~*~*~ (stealth).
  2022 | D:3      | 2022 ||| Stepping ~*~*~tactically~*~*~ (hiding).
  2292 | D:3      | Reached skill level 5 in Axes
  2332 | D:3      | 2332 ||| FLEEEEING.
  2333 | D:3      | 2333 ||| FLEEEEING.
  2335 | D:3      | 2335 ||| FLEEEEING.
  2336 | D:3      | 2336 ||| FLEEEEING.
  2337 | D:3      | 2337 ||| FLEEEEING.
  2338 | D:3      | 2338 ||| FLEEEEING.
  2339 | D:3      | 2339 ||| FLEEEEING.
  2340 | D:3      | 2340 ||| FLEEEEING.
  2341 | D:3      | 2341 ||| FLEEEEING.
  2342 | D:3      | 2342 ||| FLEEEEING.
  2343 | D:3      | 2343 ||| FLEEEEING.
  2344 | D:3      | 2344 ||| FLEEEEING.
  2345 | D:3      | 2345 ||| FLEEEEING.
  2346 | D:3      | 2346 ||| FLEEEEING.
  2347 | D:3      | 2347 ||| FLEEEEING.
  2351 | D:3      | 2351 ||| STAIRDANCE
  2467 | D:2      | 2467 ||| READING scroll labelled EGUMOTU ATUOWKIMAKH.
  2939 | D:3      | Gained mutation: Your magical nature lets you fly swiftly
                  | and evasively. [Tengu growth]
  2939 | D:3      | Reached XP level 5. HP: 21/30 MP: 9/9
  3051 | D:3      | 3051 ||| READING scroll of enchant armour.
  3051 | D:3      | 3051 ||| ENCHANTING +0 pair of gloves of dexterity.
  3065 | D:3      | 3065 ||| READING 2 scrolls of identify.
  3065 | D:3      | 3065 ||| IDENTIFYING silvery potion
  3066 | D:3      | 3066 ||| DROPPING potion of brilliance.
  3083 | D:4      | Noticed a black bear
  3092 | D:4      | 3092 ||| STAIRDANCE
  3094 | D:3      | Killed a black bear
  3163 | D:4      | Reached skill level 6 in Axes
  3163 | D:4      | Reached XP level 6. HP: 33/35 MP: 10/10
  3428 | D:4      | 3428 ||| Stepping ~*~*~tactically~*~*~ (stealth).
  3519 | D:4      | Found a staircase to the Ecumenical Temple.
  3520 | D:4      | 3520 ||| PLANNING TEMPLE
  3520 | D:4      | 3520 ||| UPGRADING to +0 ring mail.
  3530 | D:4      | 3530 ||| DROPPING +0 leather armour.
  3539 | Temple   | Entered the Ecumenical Temple
  3569 | Temple   | Became a worshipper of Warmaster Okawaru
  3623 | Temple   | 3623 ||| PLANNING D:1-11
  3665 | D:4      | 3665 ||| Stepping ~*~*~tactically~*~*~ (stealth).
  3667 | D:4      | 3667 ||| Stepping ~*~*~tactically~*~*~ (stealth).
  3671 | D:4      | 3671 ||| FLEEEEING.
  3672 | D:4      | 3672 ||| FLEEEEING.
  3677 | D:4      | Reached skill level 7 in Axes
  3677 | D:4      | 3677 ||| FLEEEEING.
  3678 | D:4      | 3678 ||| FLEEEEING.
  3679 | D:4      | 3679 ||| FLEEEEING.
  3682 | D:4      | 3682 ||| FLEEEEING.
  3683 | D:4      | 3683 ||| STAIRDANCE
  3730 | D:4      | 3730 ||| STAIRDANCE
  3791 | D:4      | 3791 ||| DROPPING +0 whip.
  3798 | D:4      | 3798 ||| Stepping ~*~*~tactically~*~*~ (stealth).
  3801 | D:4      | 3801 ||| Stepping ~*~*~tactically~*~*~ (stealth).
  3804 | D:4      | 3804 ||| Stepping ~*~*~tactically~*~*~ (stealth).
  3807 | D:4      | 3807 ||| Stepping ~*~*~tactically~*~*~ (stealth).
  3814 | D:4      | Reached XP level 7. HP: 40/40 MP: 11/11
  3927 | D:4      | Reached skill level 3 in Fighting
  4118 | D:4      | 4118 ||| Stepping ~*~*~tactically~*~*~ (stealth).
  4119 | D:4      | 4119 ||| Stepping ~*~*~tactically~*~*~ (stealth).
  4120 | D:4      | 4120 ||| Stepping ~*~*~tactically~*~*~ (stealth).
  4121 | D:4      | 4121 ||| Stepping ~*~*~tactically~*~*~ (stealth).
  4122 | D:4      | 4122 ||| Stepping ~*~*~tactically~*~*~ (stealth).
  4228 | D:4      | 4228 ||| UPGRADING to +0 chain mail.
  4238 | D:4      | 4238 ||| DROPPING +0 ring mail.
  4239 | D:4      | 4239 ||| READING 2 scrolls of identify.
  4239 | D:4      | 4239 ||| IDENTIFYING dark potion
  4240 | D:4      | 4240 ||| DROPPING potion of attraction.
  4263 | D:5      | Entered Level 5 of the Dungeon
  4277 | D:5      | HP: 5/41 [gnoll sergeant/+0 trident (9)]
  4278 | D:5      | 4278 ||| READING 2 scrolls of teleportation.
  4278 | D:5      | Slain by a gnoll sergeant

Levels and vault maps discovered:
D:1:      dpeg_arrival_shelter, layout_basic
D:2:      layout_basic, hellmonk_ecumenical_altar_arch_garden
D:3:      layout_loops_ring, xom_butterflies, st_stairs_10, minmay_snake_closets
D:4:      layout_basic, temple_pool_b, amcnicky_mini_corridor_feature,
          minivault_19, dk_noncrumbling_3, minivault_26
D:5:      layout_cave_pools
Temple:   nicolae_temple_superstar

Skill      XL: |  1  2  3  4  5  6  7 |
---------------+----------------------+-----
Axes           | 3 4 5 6 7 |  7.7
Dodging        | 4 |  4.0
Fighting       | 3 |  3.4
Throwing       | |  1.0
Armour         | |  1.9
Spellcasting   | |  2.0
Translocations | |  2.4

Action                   |  1- 3 |  4- 6 |  7- 9 || total
-------------------------+-------+-------+-------++-------
Melee: Hand axe          |    87 |   110 |    37 ||   234
       Kick              |    23 |    29 |    12 ||    64
       Peck              |    12 |    18 |     4 ||    34
       Punch             |     4 |     2 |       ||     6
Throw: Boomerang         |     7 |     4 |     8 ||    19
  Use: Scroll            |    10 |     3 |     2 ||    15
       Potion            |     1 |       |       ||     1
Armor: Leather armour    |    20 |    39 |       ||    59
       Ring mail         |       |     5 |     7 ||    12
       Chain mail        |       |       |    10 ||    10
Dodge: Dodged            |    37 |    66 |    27 ||   130

Table legend:
 A = Non-vault XP
 B = Vault XP
 C = Vault XP percentage of total XP
 D = Non-vault monster count
 E = Vault monster count
 F = Vault count percentage of total count
                 A         B        C        D         E       F
            +---------+---------+-------+---------+---------+-------
      Total |     909 |      79 |   8.0 |      78 |      14 |  15.2
            +---------+---------+-------+---------+---------+-------
        D:1 |      31 |       0 |   0.0 |      17 |       0 |   0.0
        D:2 |      26 |       0 |   0.0 |      14 |       0 |   0.0
        D:3 |     169 |      79 |  31.9 |      17 |      14 |  45.2
        D:4 |     628 |       0 |   0.0 |      26 |       0 |   0.0
        D:5 |      55 |       0 |   0.0 |       4 |       0 |   0.0
            +---------+---------+-------+---------+---------+-------
